 Dungeon Sprint DCSS version 0.16-a0-2611-g6d04fdd (webtiles) character file.

313877 Crauler the Grand Master (level 20, -6/324 HPs)
             Began as a Grey Draconian Transmuter on Nov 22, 2014.
             Was the Champion of Makhleb.
             Engulfed by a pearl dragon's blessed fire (28 damage)
             ... in the Dungeon (Sprint VII: "The Pits").
             The game lasted 02:05:40 (14426 turns).

Crauler the Grand Master (DrTm)                    Turns: 14426, Time: 02:05:40

Health: -6/324     AC: 25    Str: 23    XL:     20   Next: 47%
Magic:  24/45      EV: 29    Int: 16    God:    Makhleb [******]
Gold:   249        SH:  0    Dex: 23    Spells: 11 memorised, 18 levels left

rFire  + . .     SeeInvis .     e - melded staff of energy
rCold  + . .     Clarity  .     (armour unavailable)
rNeg   + . .     SustAb   .     (shield currently unavailable)
rPois  +         Gourm    +     (helmet currently unavailable)
rElec  +         Spirit   .     (cloak currently unavailable)
rCorr  .         Warding  .     (gloves currently unavailable)
rMut   .         NoTele   +     (boots currently unavailable)
MR     ++...                    C - amulet "Ugad" {Gourm Int+1 Dex+4}
Stlth  +.........               h - ring "Teub" {rN+ MR+}
                                S - ring of the Turtle {rElec rF+ rC+ Slay-2}

@: dragon-form, flying, very slightly contaminated, glowing, very resistant to
hostile enchantments, very unstealthy
A: walk through water, unfitting armour, slow healing 1, unbreathing,
(cold-blooded), AC +15
a: End Transformation, Minor Destruction, Lesser Servant of Makhleb, Major
Destruction, Greater Servant of Makhleb, Renounce Religion
}: 2/15 runes: silver, iron


You were in the Dungeon.
You worshipped Makhleb.
Makhleb was exalted by your worship.
You were not hungry.
You were a fearsome dragon!
You visited 1 branch You collected 249 gold pieces.

Inventory:

Hand weapons
 y - the +6 Majin-Bo {vamp, Archmagi, MP+6 Int+6}
   (You found it in the Dungeon)

   It inflicts no extra harm, but heals its wielder somewhat when it strikes a
   living foe.
   It affects your intelligence (+6).
   It affects your magic capacity (+6).
Magical staves
 e - an uncursed staff of energy (melded)
Jewellery
 b - the amulet "Khosimn" {+Rage rC+}
   (You found it in the Dungeon)

   [amulet of rage]

   It protects you from cold.
   It lets you go berserk.
 f - the ring of Neuhimn {AC+6 Int+5}
   (You found it in the Dungeon)

   [ring of protection]

   It affects your AC (+6).
   It affects your intelligence (+5).
 h - the ring "Teub" (right foreclaw) {rN+ MR+}
   (You found it in the Dungeon)

   [ring of positive energy]

   It protects you from negative energy.
   It affects your resistance to hostile enchantments.
 o - an uncursed ring of positive energy
 p - the ring "Ebos Biut" {Int+6 Stlth++}
   (You found it in the Dungeon)

   [ring of intelligence]

   It affects your intelligence (+6).
   It makes you much more stealthy.
 q - the ring "Yjib" {SustAb Int+2 Dex+3}
   (You found it in the Dungeon)

   [ring of sustain abilities]

   It sustains your strength, intelligence and dexterity.
   It affects your intelligence (+2).
   It affects your dexterity (+3).
 u - the ring of Departure {rPois Str+2 Int-3}
   (You found it in the Dungeon)

   [ring of poison resistance]

   It affects your strength (+2).
   It affects your intelligence (-3).
   It protects you from poison.
 C - the amulet "Ugad" (around neck) {Gourm Int+1 Dex+4}
   (You found it in the Dungeon)

   [amulet of the gourmand]

   It allows you to eat raw meat even when not hungry.
   It affects your intelligence (+1).
   It affects your dexterity (+4).
 I - the ring "Beusoiw" {rF+ Str+4 Int+1}
   (You found it in the Dungeon)

   [ring of protection from fire]

   It affects your strength (+4).
   It affects your intelligence (+1).
   It protects you from fire.
 S - the ring of the Turtle (left foreclaw) {rElec rF+ rC+ Slay-2}
   (You found it in the Dungeon)

   [ring of slaying]

   It affects your accuracy and damage with ranged weapons and melee attacks
   (-2).
   It protects you from fire.
   It protects you from cold.
   It insulates you from electricity.
 T - the ring "Zounkuw" {rElec MR+ Slay+4 Stlth-}
   (You found it in the Dungeon)

   [ring of loudness]

   It affects your accuracy and damage with ranged weapons and melee attacks
   (+4).
   It insulates you from electricity.
   It affects your resistance to hostile enchantments.
   It makes you less stealthy.
 U - the amulet of Creativity {rMut -Tele +Rage rF+}
   (You found it in the Dungeon)

   [amulet of resist mutation]

   It protects you from mutation.
   It protects you from fire.
   It lets you go berserk.
   It prevents most forms of teleportation.
 V - the ring of the Butterfly {rF++ rC+ Dex-3 Stlth-}
   (You found it in the Dungeon)

   [ring of loudness]

   It affects your dexterity (-3).
   It greatly protects you from fire.
   It protects you from cold.
   It makes you less stealthy.
 W - the ring of Clifeuny {rC+ Int+2 Dex+2}
   (You found it in the Dungeon)

   [ring of protection from cold]

   It affects your intelligence (+2).
   It affects your dexterity (+2).
   It protects you from cold.
 Z - the amulet "Thrifucosh" {Ward rN+ MR++ Str+1}
   (You found it in the Dungeon)

   [amulet of warding]

   It may prevent the melee attacks of summoned creatures.
   It affects your strength (+1).
   It protects you from negative energy.
   It affects your resistance to hostile enchantments.
Magical devices
 O - a wand of hasting (5)
 P - a wand of heal wounds (5)
Scrolls
 m - a scroll of blinking
 n - 2 scrolls of amnesia
 B - 3 scrolls of fog
 D - 2 scrolls of identify
 E - 4 scrolls of recharging
 L - 8 scrolls of remove curse
 R - 2 scrolls of summoning
Potions
 g - 2 potions of heal wounds
 i - 5 potions of berserk rage
 j - 2 potions of magic
 l - 2 potions of invisibility
 s - a potion of cancellation
 v - 4 potions of resistance
 x - 4 potions of cure mutation
 z - 2 potions of restore abilities
 A - 5 potions of agility
 F - 3 potions of might
 G - 5 potions of brilliance
 X - 7 potions of curing
 Y - 3 potions of haste
Books
 d - the Incunabulum of Ashen Moulding
   (You found it in the Dungeon)

   Spells                             Type                      Level
   Sandblast                          Earth                        1
   Spider Form                        Transmutation/Poison         3
   *Ice Form                          Ice/Transmutation            4
   Petrify                            Transmutation/Earth          4
   Lee's Rapid Deconstruction         Earth                        5
 M - a book of the Earth

   Spells                             Type                      Level
   Leda's Liquefaction                Hexes/Earth                  4
   Bolt of Magma                      Conjuration/Fire/Earth       5
   *Statue Form                       Transmutation/Earth          6
   Iron Shot                          Conjuration/Earth            6
   Shatter                            Earth                        9
Miscellaneous
 r - a lamp of fire
 Q - a crystal ball of energy
Comestibles
 a - 13 bread rations
 c - 29 fruits
 k - 10 meat rations
 t - a slice of pizza


   Skills:
 O Level 27 Fighting
 - Level 6.0 Throwing
 O Level 27 Dodging
 O Level 27 Unarmed Combat
 + Level 24.6 Spellcasting
 + Level 12.7 Charms
 + Level 26.1 Summonings
 - Level 11.7 Necromancy
 - Level 17.1 Translocations
 - Level 18.1 Transmutations
 - Level 3.1 Ice Magic
 - Level 3.1 Air Magic
 - Level 14.1 Earth Magic
 O Level 27 Invocations


You had 18 spell levels left.
You knew the following spells:

 Your Spells              Type           Power        Failure   Level  Hunger
a - Phase Shift           Tloc           ######....   1%          5    #......
b - Statue Form           Trmt/Erth      ######...    1%          6    ####...
c - Blade Hands           Trmt           ######....   1%          5    #......
d - Ice Form              Ice/Trmt       ######..     1%          4    None
e - Repel Missiles        Chrm/Air       #####.       1%          2    None
f - Dragon Form           Trmt           ######....   1%          7    ######.
g - Summon Butterflies    Summ           #######.     0%          1    None
h - Controlled Blink      Tloc           N/A          1%          7    ######.
i - Apportation           Tloc           ######....   0%          1    None
j - Dragon's Call         Summ           ########..   4%          9    #######
k - Regeneration          Chrm/Necr      ######....   1%          3    None


Dungeon Overview and Level Annotations

Branches:
Dungeon (1/1)

Altars:
Ashenzari
Cheibriados
Dithmenos
Elyvilon
Fedhas
Gozag
Kikubaaqudgha
Makhleb
Nemelex Xobeh
Okawaru
Qazlal
Ru
Sif Muna
Trog
Vehumet
Xom
Yredelemnul
Zin
The Shining One
Beogh
Jiyva
Lugonu


Innate Abilities, Weirdness & Mutations

You can walk through water.
Your dull iron-grey scales are very hard (AC +15).
Your body does not fit into most forms of armour.
You can survive without breathing.
((Your cold-blooded metabolism reacts poorly to cold.))
You heal slowly when monsters are visible.


Message History

Unknown command.
Casting: Dragon Form
Confirm with . or Enter, or press ? or * to list all spells.
Blink to where?
Press: ? - help, Dir - move target cursor You can't see that place. [Stash: an uncursed scimitar of flaming (...3)] [the floor.] Are you sure you want to cancel this blink?
Blink to where?
Press: ? - help, Dir - move target cursor, f - you Are you sure you want to cancel this blink?
Blink to where?
Press: ? - help, Dir - move target cursor, f - you Are you sure you want to cancel this blink?
Blink to where?
Press: ? - help, Dir - move target cursor You are very lightly contaminated with residual magic.
You are engulfed in blessed fire.
You die... ##### #:}AAA #}AAAA :AAAA A(?

#######)#################
#.......)AAAA§§)).)())).#
#.......(AAD§§D§)..))((.#
#######################(#
###### ### ### ### #)#
#.##.###.###.###.#####)#
#'#...'...').)'...'.##'#
##)'#.'##.)##.###.)####}#
#...###.###.###.###.###)#
##.#'####:####...'...##)#
#'##.##=[.####.##'.###'#


You could see a daeva (roused).

Vanquished Creatures
  Asmodeus (D)
  Ereshkigal (D)
  2 orbs of fire (D)
  3 ancient liches (D)
  4 greater mummies (D)
  Boris (D)
  Norris (D)
  A Killer Klown (D)
  Mara (D)
  3 golden dragons (D)
  Geryon (D)
  Jory (D)
  Frederick (D)
  3 pearl dragons (D)
  4 Brimstone Fiends (D)
  4 Ice Fiends (D)
  Nikola (D)
  A hellephant (D)
  2 liches (D)
  2 Hell Sentinels (D)
  3 tentacled monstrosities (D)
  2 titans (D)
  A pandemonium lord (D)
  2 deep elf blademasters (D)
  2 deep elf master archers (D)
  5 Shadow Fiends (D)
  3 quicksilver dragons (D)
  2 acid blobs (D)
  Rupert (D)
  Agnes (D)
  4 shadow dragons (D)
  A sphinx (D)
  4 storm dragons (D)
  Frances (D)
  4 ghost moths (D)
  6 greater nagas (D)
  11 daevas (D)
  2 fire giants (D)
  3 orc warlords (D)
  4 deep elf sorcerers (D)
  A cacodemon (D)
  22 angels (D)
  2 frost giants (D)
  3 rakshasas (D)
  A balrug (D)
  3 draconian annihilators (D)
  2 reapers (D)
  A draconian shifter (D)
  An ophan (D)
  3 stone giants (D)
  A deep elf annihilator (D)
  2 white draconians (D)
  2 deep elf demonologists (D)
  2 vampire knights (D)
  3 black draconians (D)
  2 pale draconians (D)
  3 unborn (D)
  2 red draconians (D)
  2 mottled draconians (D)
  An ettin (D)
  An eidolon (D)
  A merfolk javelineer (D)
  2 yellow draconians (D)
  2 green deaths (D)
  A blizzard demon (D)
  9 vault guards (D)
  2 death oozes (D)
  2 deep elf death magi (D)
  2 minotaurs (D)
  A mummy priest (D)
  4 deep elf high priests (D)
  A great orb of eyes (D)
  2 ice dragons (D)
  A yaktaur captain (D)
  A quicksilver dragon skeleton (D)
  2 naga warriors (D)
  A hydra (D)
  10 death yaks (D)
  A merfolk aquamancer (D)
  2 ogre magi (D)
  An alligator snapping turtle (D)
  A dancing weapon (D)
  2 spriggan berserkers (D)
  2 death knights (D)
  An iron elemental (D)
  2 orc high priests (D)
  2 vampire magi (D)
  2 iron trolls (D)
  A soul eater (D)
  6 wizards (D)
  5 deep elf knights (D)
  2 fire crabs (D)
  5 skeletal warriors (D)
  14 hell knights (D)
  A storm dragon skeleton (D)
  12 cherubim (D)
  2 sea snakes (D)
  A shadow wraith (D)
  A hell beast (D)
  A swamp dragon (D)
  A hill giant (D)
  11 necromancers (D)
  2 wolf spiders (D)
  6 human zombies (D)
  A griffon (D)
  12 orc knights (D)
  A black mamba (D)
  3 orc sorcerers (D)
  2 red wasps (D)
  2 sixfirhies (D)
  An elephant (shapeshifter) (D)
  3 elephants (D)
  A naga mage (D)
  2 spiny frogs (D)
  A yaktaur (shapeshifter) (D)
  A smoke demon (D)
  5 hellions (D)
  2 orange demons (D)
  An iron troll zombie (D)
  2 large abominations (D)
  2 tormentors (D)
  2 deep elf priests (D)
  A hellwing (D)
  2 demonic crawlers (D)
  3 merfolk (D)
  4 trolls (D)
  4 two-headed ogres (D)
  A fire drake (D)
  2 wandering mushrooms (D)
  A wind drake (D)
  2 blue devils (D)
  A jumping spider (D)
  2 ravens (D)
  5 slime creatures (D)
  A snapping turtle (D)
  An air elemental (D)
  A spriggan (D)
  A flying skull (D)
  A water elemental (D)
  A trapdoor spider (D)
  A fire bat (D)
  A redback (D)
  3 deep elf magi (D)
  A chaos spawn (D)
  2 tarantellas (D)
  2 golden eyes (D)
  A steam dragon (D)
  7 humans (D)
  2 wargs (D)
  A hungry ghost (D)
  5 deep elf fighters (D)
  Edmund (D)
  A hippogriff (D)
  2 soldier ants (D)
  7 orc warriors (D)
  4 nagas (D)
  4 hell hounds (D)
  A small abomination (D)
  5 human skeletons (D)
  4 ogres (D)
  An eye of draining (shapeshifter) (D)
  5 eyes of draining (D)
  An ice beast (D)
  A black bear (D)
  A phantom (D)
  A boring beetle (D)
  A necrophage (D)
  A brain worm (D)
  3 insubstantial wisps (D)
  A warg zombie (D)
  A scorpion (D)
  5 wights (D)
  An orc priest (D)
  A gnoll shaman (D)
  3 iron imps (D)
  4 orc wizards (D)
  5 sheep (D)
  A mummy (D)
  An orange rat zombie (D)
  5 gnolls (D)
  2 orc zombies (D)
  A giant mite (D)
  A giant eyeball (D)
  2 adder zombies (D)
  An adder simulacrum (D)
  An ooze (D)
  21 orcs (D)
  A ball python (D)
  A bat zombie (D)
  2 giant cockroach zombies (D)
  2 giant gecko zombies (D)
  A gnoll zombie (D)
  2 kobolds (D)
  A quokka simulacrum (D)
506 creatures vanquished.

Vanquished Creatures (collateral kills)
  3 daevas (D)
  7 angels (D)
  A vault guard (D)
  2 hell knights (D)
  2 cherubim (D)
  3 necromancers (D)
  5 wizards (D)
  11 humans (D)
  2 human zombies (D)
  2 human skeletons (D)
38 creatures vanquished.

Vanquished Creatures (others)
  3 golden dragons (D)
  An acid blob (D)
  2 deep elf master archers (D)
  A titan (D)
  A quicksilver dragon (D)
  2 shadow dragons (D)
  A storm dragon (D)
  A fire giant (D)
  An iron dragon (D)
  A war gargoyle (D)
  2 fire dragons (D)
  3 ice dragons (D)
  A tormentor (D)
  A wandering mushroom (D)
  4 insubstantial wisps (D)
  An orange rat (D)
  A bat zombie (D)
27 creatures vanquished.

Grand Total: 571 creatures vanquished

Notes
Turn   | Place    | Note
--------------------------------------------------------------
     0 | D        | Crauler, the Draconian Transmuter, began the quest for the Orb.
     0 | D        | Reached XP level 1. HP: 16/16 MP: 3/3
    22 | D        | Found a sacrificial altar of Ru.
    22 | D        | Found a basalt altar of Yredelemnul.
    22 | D        | Found a shadowy altar of Dithmenos.
    22 | D        | Found a deep blue altar of Sif Muna.
    22 | D        | Found a burning altar of Makhleb.
    22 | D        | Found a shimmering altar of Xom.
    22 | D        | Found an ancient bone altar of Kikubaaqudgha.
    22 | D        | Found a sparkling altar of Nemelex Xobeh.
    23 | D        | Found a glowing golden altar of the Shining One.
    23 | D        | Found a bloodstained altar of Trog.
    23 | D        | Found a shattered altar of Ashenzari.
    23 | D        | Found a white marble altar of Elyvilon.
    23 | D        | Found a snail-covered altar of Cheibriados.
    23 | D        | Found a blossoming altar of Fedhas.
    23 | D        | Found a radiant altar of Vehumet.
    23 | D        | Found a glowing silver altar of Zin.
    23 | D        | Found a corrupted altar of Lugonu.
    23 | D        | Found a viscous altar of Jiyva.
    23 | D        | Found a roughly hewn altar of Beogh.
    23 | D        | Found an iron altar of Okawaru.
    29 | D        | Found a stormy altar of Qazlal.
    29 | D        | Found an opulent altar of Gozag.
    31 | D        | Became a worshipper of Warmaster Okawaru
   169 | D        | Reached skill level 4 in Unarmed Combat
   169 | D        | Reached XP level 2. HP: 21/23 MP: 5/5
   190 | D        | Noticed a scorpion
   402 | D        | Killed a scorpion
   402 | D        | Acquired Okawaru's first power
   402 | D        | Reached skill level 5 in Unarmed Combat
   402 | D        | Reached XP level 3. HP: 20/30 MP: 6/8
   402 | D        | Reached XP level 4. HP: 24/37 MP: 6/9
   405 | D        | Paralysed by a giant eyeball for 4 turns
   559 | D        | Learned a level 3 spell: Spider Form
   567 | D        | Noticed a wight
   567 | D        | Noticed a wight
   567 | D        | Noticed an ice beast
   570 | D        | Noticed a wight
   581 | D        | Noticed a wight
   586 | D        | Killed a wight
   586 | D        | Reached skill level 6 in Unarmed Combat
   586 | D        | Reached skill level 5 in Transmutations
   595 | D        | Killed a wight
   595 | D        | Reached XP level 5. HP: 36/46 MP: 10/13
   604 | D        | Killed an ice beast
   604 | D        | Reached skill level 7 in Unarmed Combat
   613 | D        | Killed a wight
   613 | D        | Reached XP level 6. HP: 19/55 MP: 13/16
   616 | D        | Killed a wight
   616 | D        | Reached skill level 5 in Fighting
   616 | D        | Reached skill level 8 in Unarmed Combat
   616 | D        | Reached skill level 5 in Spellcasting
   645 | D        | Learned a level 5 spell: Blade Hands
   855 | D        | Noticed an iron imp
   855 | D        | Noticed a wight
   855 | D        | Noticed a flying skull
   865 | D        | Killed a flying skull
   865 | D        | Reached skill level 5 in Dodging
   865 | D        | Reached skill level 9 in Unarmed Combat
   870 | D        | Noticed a brain worm
   870 | D        | Killed a wight
   870 | D        | Your scales start taking on a dull iron-grey colour.
   870 | D        | Gained mutation: You can survive without breathing. [draconian maturity]
   870 | D        | Reached XP level 7. HP: 35/63 MP: 11/18
   872 | D        | Killed an iron imp
   876 | D        | Killed a brain worm
   908 | D        | Learned a level 4 spell: Ice Form
  1047 | D        | Noticed a deep elf fighter
  1051 | D        | Killed a deep elf fighter
  1051 | D        | Reached skill level 1 in Invocations
  1053 | D        | Noticed a demonic crawler
  1057 | D        | Killed a demonic crawler
  1057 | D        | Reached skill level 10 in Unarmed Combat
  1059 | D        | Noticed an orc wizard
  1059 | D        | Noticed an orc wizard
  1070 | D        | Killed an orc wizard
  1070 | D        | Reached XP level 8. HP: 53/73 MP: 14/20
  1072 | D        | Killed an orc wizard
  1161 | D        | Noticed Edmund
  1161 | D        | Noticed a soldier ant
  1161 | D        | Noticed a death yak
  1171 | D        | Killed Edmund
  1178 | D        | Killed a death yak
  1178 | D        | Reached skill level 11 in Unarmed Combat
  1178 | D        | Reached skill level 10 in Transmutations
  1184 | D        | Killed a soldier ant
  1184 | D        | Reached skill level 5 in Invocations
  1281 | D        | Noticed a necrophage
  1290 | D        | Killed a necrophage
  1290 | D        | Reached XP level 9. HP: 78/82 MP: 15/21
  1293 | D        | Noticed an orange demon
  1294 | D        | Noticed a tarantella
  1300 | D        | Killed a tarantella
  1306 | D        | Killed an orange demon
  1306 | D        | Reached skill level 12 in Unarmed Combat
  1306 | D        | Reached skill level 1 in Ice Magic
  1328 | D        | Noticed a troll
  1328 | D        | Noticed an orc knight
  1328 | D        | Noticed a warg
  1328 | D        | Noticed an orc warrior
  1328 | D        | Noticed a troll
  1328 | D        | Noticed a snapping turtle
  1328 | D        | Noticed a hill giant
  1328 | D        | Noticed a spriggan
  1338 | D        | Killed a warg
  1347 | D        | Killed a snapping turtle
  1487 | D        | Killed a troll
  1604 | D        | Killed a spriggan
  1604 | D        | Reached skill level 10 in Fighting
  1662 | D        | Killed a hill giant
  1673 | D        | Killed a troll
  1673 | D        | Reached skill level 13 in Unarmed Combat
  1677 | D        | Killed an orc knight
  1677 | D        | Reached XP level 10. HP: 91/95 MP: 14/22
  1682 | D        | Killed an orc warrior
  1699 | D        | Noticed a sea snake
  1700 | D        | Noticed a deep elf fighter
  1700 | D        | Noticed an iron imp
  1701 | D        | Noticed an elephant
  1718 | D        | Killed a deep elf fighter
  1718 | D        | Reached skill level 10 in Dodging
  1815 | D        | Noticed a deep elf priest
  1815 | D        | Noticed a deep elf fighter
  1827 | D        | Killed a deep elf fighter
  1827 | D        | Acquired Okawaru's second power
  1830 | D        | Noticed a great orb of eyes
  1858 | D        | Killed an elephant
  1864 | D        | Killed a great orb of eyes
  1864 | D        | Reached skill level 14 in Unarmed Combat
  1883 | D        | Killed an iron imp
  1889 | D        | Killed a sea snake
  1892 | D        | Noticed a redback
  1896 | D        | Killed a redback
  2089 | D        | Noticed a boring beetle
  2103 | D        | Killed a boring beetle
  2133 | D        | Noticed an elephant
  2137 | D        | Killed an elephant
  2154 | D        | Noticed an orange demon
  2154 | D        | Noticed an iron imp
  2158 | D        | Killed an orange demon
  2160 | D        | Killed an iron imp
  2171 | D        | Noticed an orc sorcerer
  2186 | D        | Killed a deep elf priest
  2187 | D        | Noticed a deep elf fighter
  2191 | D        | Killed an orc sorcerer
  2207 | D        | Killed a deep elf fighter
  2207 | D        | Reached XP level 11. HP: 93/107 MP: 12/23
  2260 | D        | Noticed a deep elf mage
  2261 | D        | Noticed a chaos spawn
  2268 | D        | Killed a deep elf mage
  2274 | D        | Killed a chaos spawn
  2297 | D        | Noticed a raven
  2300 | D        | Killed a raven
  2300 | D        | Reached skill level 15 in Unarmed Combat
  2304 | D        | Noticed a warg
  2305 | D        | Noticed a gnoll shaman
  2305 | D        | Noticed a fire bat
  2305 | D        | Noticed an orc warrior
  2309 | D        | Noticed a tarantella
  2309 | D        | Noticed a death knight
  2309 | D        | Noticed a demonic crawler
  2309 | D        | Noticed an orc high priest
  2309 | D        | Killed a fire bat
  2310 | D        | Noticed a small abomination
  2310 | D        | Noticed an orc warrior
  2311 | D        | Killed a warg
  2313 | D        | Noticed a spiny frog
  2313 | D        | Noticed a black bear
  2314 | D        | Noticed an orc sorcerer
  2321 | D        | Killed an orc warrior
  2325 | D        | Killed a gnoll shaman
  2328 | D        | Killed a small abomination
  2331 | D        | Killed a demonic crawler
  2331 | D        | Received a gift from Okawaru
  2334 | D        | Killed a tarantella
  2337 | D        | Killed an orc sorcerer
  2341 | D        | Killed an orc high priest
  2343 | D        | Killed a death knight
  2346 | D        | Killed a spiny frog
  2349 | D        | Killed a black bear
  2352 | D        | Killed an orc warrior
  2359 | D        | Noticed a sea snake
  2363 | D        | Killed a sea snake
  2363 | D        | Reached skill level 16 in Unarmed Combat
  2539 | D        | Noticed a hellwing
  2543 | D        | Killed a hellwing
  2734 | D        | Got a pair of heavily runed gloves {god gift}
  2745 | D        | Identified the +1 pair of gloves of the Beekeeper {rF++} (Okawaru gifted it to you in the Dungeon)
  2934 | D        | Noticed an orc sorcerer
  2934 | D        | Noticed a red wasp
  2942 | D        | Killed an orc sorcerer
  2945 | D        | Killed a red wasp
  3040 | D        | Noticed a wandering mushroom
  3040 | D        | Noticed a wolf spider
  3040 | D        | Noticed a griffon
  3047 | D        | Killed a wolf spider
  3052 | D        | Killed a griffon
  3078 | D        | Killed a wandering mushroom
  3081 | D        | Noticed a soldier ant
  3082 | D        | Noticed a death yak
  3083 | D        | Noticed a death yak
  3084 | D        | Noticed a death yak
  3084 | D        | Noticed a death yak
  3085 | D        | Killed a soldier ant
  3094 | D        | Killed a death yak
  3097 | D        | Killed a death yak
  3101 | D        | Killed a death yak
  3101 | D        | Received a gift from Okawaru
  3101 | D        | Reached skill level 17 in Unarmed Combat
  3101 | D        | Reached XP level 12. HP: 52/118 MP: 9/24
  3109 | D        | Killed a death yak
  3424 | D        | Noticed a large abomination
  3427 | D        | Noticed an orc wizard
  3428 | D        | Killed a large abomination
  3433 | D        | Killed an orc wizard
  3439 | D        | Noticed a vampire knight
  3455 | D        | Killed a vampire knight
  3592 | D        | Noticed a jumping spider
  3592 | D        | Noticed a death yak
  3601 | D        | Killed a death yak
  3601 | D        | Reached skill level 15 in Fighting
  3601 | D        | Reached skill level 15 in Transmutations
  3612 | D        | Killed a jumping spider
  3698 | D        | Noticed a deep elf knight
  3698 | D        | Noticed a deep elf sorcerer
  3698 | D        | Noticed a deep elf fighter
  3698 | D        | Noticed a deep elf mage
  3698 | D        | Noticed a deep elf mage
  3698 | D        | Noticed an orc knight
  3699 | D        | Noticed an orc knight
  3699 | D        | Noticed an orc knight
  3704 | D        | Killed a deep elf mage
  3708 | D        | Killed a deep elf mage
  3714 | D        | Killed a deep elf sorcerer
  3715 | D        | Killed a deep elf knight
  3716 | D        | Noticed an orc warlord
  3717 | D        | Noticed an orc knight
  3718 | D        | Noticed an orc knight
  3719 | D        | Killed an orc knight
  3720 | D        | Noticed an orc knight
  3721 | D        | Killed a deep elf fighter
  3727 | D        | Killed an orc warlord
  3727 | D        | Reached skill level 18 in Unarmed Combat
  3730 | D        | Killed an orc knight
  3734 | D        | Killed an orc knight
  3739 | D        | Killed an orc knight
  3739 | D        | Received a gift from Okawaru
  3744 | D        | Killed an orc knight
  3746 | D        | Killed an orc knight
  3748 | D        | Noticed an orc knight
  3752 | D        | Noticed a vampire knight
  3755 | D        | Killed an orc knight
  3760 | D        | Killed a vampire knight
  3761 | D        | Noticed a slime creature
  3762 | D        | Noticed a slime creature
  3762 | D        | Noticed a slime creature
  3762 | D        | Noticed a skeletal warrior
  3762 | D        | Noticed a skeletal warrior
  3762 | D        | Noticed an orc warlord
  3765 | D        | Killed a slime creature
  3767 | D        | Noticed a skeletal warrior
  3767 | D        | Noticed an orc knight
  3768 | D        | Noticed a skeletal warrior
  3769 | D        | Killed an orc warlord
  3769 | D        | Reached skill level 19 in Unarmed Combat
  3769 | D        | Reached XP level 13. HP: 68/128 MP: 19/28
  3773 | D        | Noticed a skeletal warrior
  3776 | D        | Killed a skeletal warrior
  3777 | D        | Noticed a deep elf knight
  3780 | D        | Killed a skeletal warrior
  3781 | D        | Noticed a fire giant
  3781 | D        | Noticed a deep elf knight
  3785 | D        | Killed an orc knight
  3788 | D        | Killed a skeletal warrior
  3789 | D        | Killed a skeletal warrior
  3795 | D        | Noticed an orc knight
  3795 | D        | Killed a skeletal warrior
  3800 | D        | Killed an orc knight
  3804 | D        | Noticed a naga warrior
  3809 | D        | Killed a deep elf knight
  3818 | D        | Killed a naga warrior
  3832 | D        | Killed a fire giant
  4187 | D        | Killed a deep elf knight
  4305 | D        | Killed a slime creature
  4305 | D        | Reached skill level 20 in Unarmed Combat
  4309 | D        | Noticed a slime creature
  4311 | D        | Noticed a vault guard
  4311 | D        | Killed a slime creature
  4312 | D        | Noticed a vault guard
  4315 | D        | Killed a slime creature
  4318 | D        | Noticed a slime creature
  4321 | D        | Killed a vault guard
  4326 | D        | Noticed an orc knight
  4327 | D        | Killed a vault guard
  4330 | D        | Killed a slime creature
  4347 | D        | Killed an orc knight
  4457 | D        | Noticed a necromancer
  4460 | D        | Noticed a yaktaur captain
  4461 | D        | Noticed a deep elf blademaster
  4469 | D        | Killed a necromancer
  4474 | D        | Killed a deep elf blademaster
  4474 | D        | Reached skill level 15 in Dodging
  4474 | D        | Reached skill level 10 in Spellcasting
  4477 | D        | Killed a yaktaur captain
  4760 | D        | Noticed a deep elf knight
  4765 | D        | Killed a deep elf knight
  4765 | D        | Reached skill level 1 in Throwing
  4908 | D        | Noticed a vampire mage
  4908 | D        | Noticed a deep elf sorcerer
  4913 | D        | Killed a vampire mage
  4918 | D        | Killed a deep elf sorcerer
  4918 | D        | Received a gift from Okawaru
  4918 | D        | Reached skill level 21 in Unarmed Combat
  4919 | D        | Noticed a vampire mage
  4929 | D        | Killed a vampire mage
  4982 | D        | Noticed a naga mage
  4983 | D        | Noticed Frances
  4990 | D        | Noticed a deep elf sorcerer
  4991 | D        | Noticed a wizard
  4991 | D        | Noticed a sphinx
  4992 | D        | Noticed a red draconian
  5001 | D        | Killed a wizard
  5002 | D        | Noticed a yellow draconian
  5003 | D        | Killed a deep elf sorcerer
  5005 | D        | Killed a naga mage
  5010 | D        | Killed a sphinx
  5010 | D        | Reached XP level 14. HP: 70/143 MP: 26/32
  5011 | D        | Killed a red draconian
  5013 | D        | Noticed an ogre mage
  5018 | D        | Noticed a mottled draconian
  5018 | D        | Killed a yellow draconian
  5022 | D        | Killed an ogre mage
  5022 | D        | Received a gift from Okawaru
  5022 | D        | Reached skill level 5 in Throwing
  5026 | D        | Killed a mottled draconian
  5041 | D        | Killed Frances
  5041 | D        | Received a gift from Okawaru
  5050 | D        | Noticed a deep elf high priest
  5246 | D        | Noticed a black draconian
  5254 | D        | Killed a black draconian
  5254 | D        | Reached skill level 22 in Unarmed Combat
  5291 | D        | Identified the Grimoire of Beguiling (You found it in the Dungeon)
  5300 | D        | Identified Hoess' Reference Book on Flight (You found it in the Dungeon)
  5304 | D        | Learned a level 2 spell: Repel Missiles
  5314 | D        | Learned a level 7 spell: Dragon Form
  5319 | D        | Learned a level 3 spell: Flight
  5323 | D        | Noticed a deep elf high priest
  5347 | D        | Identified Elaewk's Tome of Icy Confrontation (You found it in the Dungeon)
  5354 | D        | Noticed a lich
  5354 | D        | Noticed a greater naga
  5366 | D        | Killed a greater naga
  5366 | D        | Reached skill level 1 in Charms
  5368 | D        | Killed a lich
  5393 | D        | Identified the Almanac of Talismans and Orientation (You found it in the Dungeon)
  5393 | D        | Identified the Almanac of Talismans and Orientation (You found it in the Dungeon)
  5400 | D        | Killed a deep elf high priest
  5403 | D        | Identified the Almanac of Talismans and Orientation (You found it in the Dungeon)
  5420 | D        | Identified the Incunabulum of Ashen Moulding (You found it in the Dungeon)
  5432 | D        | Noticed a minotaur
  5439 | D        | Killed a deep elf high priest
  5441 | D        | Killed a minotaur
  5444 | D        | Noticed a deep elf death mage
  5492 | D        | Noticed a pale draconian
  5493 | D        | Noticed a yellow draconian annihilator
  5504 | D        | Killed a yellow draconian annihilator
  5507 | D        | Killed a pale draconian
  5507 | D        | Received a gift from Okawaru
  5513 | D        | Killed a ghost moth
  5526 | D        | Noticed a deep elf priest
  5535 | D        | Killed a deep elf priest
  5546 | D        | Killed a deep elf death mage
  5672 | D        | Noticed a greater naga
  5680 | D        | Killed a greater naga
  5765 | D        | Got the amulet of Smuck {Spirit -Cast}
  5767 | D        | Got the amulet of Doelo {Gourm rPois Str+2 Dex-1}
  5769 | D        | Got the amulet of Liboq {Spirit Stlth+}
  5771 | D        | Got the amulet "Nosirola" {+Rage rN+ MR+ Int+4 Dex-2}
  5773 | D        | Got the amulet of Amorality {Spirit Int+4 Dex-3}
  5776 | D        | Got the amulet of Creativity {rMut -Tele +Rage rF+}
  5778 | D        | Got the amulet "Xuolaimu" {Stasis Str+2}
  5780 | D        | Got the ring of Clifeuny {rC+ Int+2 Dex+2}
  5782 | D        | Got the amulet of Salvation {Faith Slay+6}
  5784 | D        | Got the amulet of Oklukuis {+Rage Slay+4}
  5786 | D        | Got the amulet of Thaileoclo {Ward +Fly rN+ MR++}
  5788 | D        | Got the amulet "Thrifucosh" {Ward rN+ MR++ Str+1}
  5796 | D        | Got the ring "Ovapha" {Ice Dex+1 Slay+3}
  5867 | D        | Got the ring "Loisava" {+Inv Str+3 Dex+3}
  5869 | D        | Got the ring of Yttoomn {Ice +Fly Int-2 Slay+4}
  5871 | D        | Got the ring of Neuhimn {AC+6 Int+5}
  5875 | D        | Got the ring "Ziuvvuff" {EV+6 Str+2 Int+2}
  5877 | D        | Got the ring of the Enemy {AC+6 Str+1 Dex+1}
  5881 | D        | Got the ring of Chomiycy {+Fly rPois Stlth++}
  5883 | D        | Got the ring "Ebos Biut" {Int+6 Stlth++}
  5885 | D        | Got the ring of the Lonely Spirits {+Rage rC- AC+6}
  5887 | D        | Got the ring "Aclypot" {Fire Int+4 Dex-3}
  5891 | D        | Got the ring "Razaa" {rPois Int+1 Dex+5}
  5922 | D        | Learned a level 5 spell: Phase Shift
  6217 | D        | Noticed an orange rat
  6217 | D        | Noticed a frost giant
  6217 | D        | Noticed a cacodemon
  6217 | D        | Noticed a deep elf master archer
  6217 | D        | Noticed a spiny frog
  6217 | D        | Noticed Agnes
  6221 | D        | Noticed a death knight
  6221 | D        | Killed a cacodemon
  6221 | D        | Reached skill level 1 in Translocations
  6225 | D        | Killed Agnes
  6225 | D        | Killed an orange rat
  6228 | D        | Killed a frost giant
  6228 | D        | Received a gift from Okawaru
  6230 | D        | Killed a spiny frog
  6234 | D        | Killed a deep elf master archer
  6239 | D        | Killed a death knight
  6239 | D        | Received a gift from Okawaru
  6250 | D        | Noticed a trapdoor spider
  6251 | D        | Killed a trapdoor spider
  6258 | D        | Identified Fefunuum's Collected Works on the Mountains (You found it in the Dungeon)
  6364 | D        | Learned a level 6 spell: Statue Form
  6508 | D        | Noticed a wind drake
  6508 | D        | Noticed a black mamba
  6514 | D        | Killed a wind drake
  6515 | D        | Noticed a sixfirhy
  6515 | D        | Noticed a water elemental
  6515 | D        | Killed a black mamba
  6515 | D        | Reached skill level 5 in Translocations
  6516 | D        | Noticed a raven
  6517 | D        | Noticed an elephant
  6518 | D        | Killed a raven
  6519 | D        | Noticed a hippogriff
  6520 | D        | Killed a water elemental
  6522 | D        | Killed a hippogriff
  6523 | D        | Noticed a merfolk aquamancer
  6524 | D        | Killed a merfolk aquamancer
  6530 | D        | Killed a sixfirhy
  6531 | D        | Noticed an orc knight
  6533 | D        | Killed an elephant
  6536 | D        | Noticed a hell beast
  6541 | D        | Killed an orc knight
  6544 | D        | Killed a hell beast
  6549 | D        | Noticed a death yak
  6550 | D        | Noticed a steam dragon
  6554 | D        | Killed a death yak
  6554 | D        | Reached XP level 15. HP: 156/156 MP: 33/35
  6555 | D        | Noticed a large abomination
  6555 | D        | Killed a steam dragon
  6556 | D        | Noticed an eidolon
  6556 | D        | Killed a large abomination
  6557 | D        | Noticed a death yak
  6557 | D        | Noticed an eye of draining
  6560 | D        | Killed an eidolon
  6560 | D        | Received a gift from Okawaru
  6562 | D        | Noticed an eye of draining
  6563 | D        | Killed a death yak
  6568 | D        | Killed an eye of draining
  6569 | D        | Killed an eye of draining
  6574 | D        | Killed a ghost moth
  6576 | D        | Noticed a fire drake
  6576 | D        | Noticed a death yak
  6578 | D        | Killed a fire drake
  6582 | D        | Killed a death yak
  6583 | D        | Noticed a fire crab
  6583 | D        | Killed a fire crab
  6584 | D        | Noticed a red wasp
  6588 | D        | Killed a shadow wraith
  6591 | D        | Killed a red wasp
  6873 | D        | Noticed a yellow draconian
  6873 | D        | Noticed an ice dragon
  6882 | D        | Killed a yellow draconian
  6886 | D        | Killed an ice dragon
  6898 | D        | Noticed a rakshasa
  6899 | D        | Noticed a death yak
  6899 | D        | Noticed a spriggan berserker
  6904 | D        | Killed a spriggan berserker
  6904 | D        | Reached skill level 1 in Air Magic
  6912 | D        | Killed a rakshasa
  6915 | D        | Killed a death yak
  6915 | D        | Received a gift from Okawaru
  6921 | D        | Killed a rakshasa
  6925 | D        | Killed a rakshasa
  6937 | D        | Noticed a fire giant
  6938 | D        | Noticed a dire flail of holy wrath
  6942 | D        | Killed a dire flail of holy wrath
  6946 | D        | Killed a fire giant
  6946 | D        | Reached skill level 10 in Translocations
  7097 | D        | Noticed a four-headed hydra
  7097 | D        | Noticed a deep elf annihilator
  7097 | D        | Noticed an iron troll
  7098 | D        | Noticed a sixfirhy
  7099 | D        | Killed a deep elf annihilator
  7100 | D        | Noticed a shadow dragon
  7100 | D        | Noticed a deep elf high priest
  7100 | D        | Noticed a deep elf demonologist
  7101 | D        | Killed a deep elf demonologist
  7102 | D        | Noticed a spriggan berserker
  7103 | D        | Noticed a titan
  7104 | D        | Killed a spriggan berserker
  7106 | D        | Noticed an unborn
  7107 | D        | Killed a seven-headed hydra
  7109 | D        | Killed a sixfirhy
  7118 | D        | Killed an unborn
  7136 | D        | Killed a shadow dragon
  7136 | D        | Reached skill level 5 in Earth Magic
  7142 | D        | Killed a deep elf high priest
  7146 | D        | Killed an iron troll
  7146 | D        | Received a gift from Okawaru
  7150 | D        | Killed a titan
  7556 | D        | Got the +0 hat "Theack" {+Blink +Inv rF+ rC+}
  7716 | D        | Noticed an alligator snapping turtle
  7716 | D        | Noticed a hell hound
  7716 | D        | Noticed a troll
  7716 | D        | Noticed a two-headed ogre
  7717 | D        | Noticed a hell hound
  7717 | D        | Killed a two-headed ogre
  7718 | D        | Noticed an air elemental
  7719 | D        | Noticed a two-headed ogre
  7720 | D        | Noticed a hell hound
  7720 | D        | Noticed a greater naga
  7720 | D        | Noticed a storm dragon
  7721 | D        | Noticed a two-headed ogre
  7721 | D        | Noticed an orc high priest
  7721 | D        | Noticed a deep elf demonologist
  7722 | D        | Killed a troll
  7723 | D        | Noticed a two-headed ogre
  7724 | D        | Noticed a hell hound
  7724 | D        | Killed a two-headed ogre
  7726 | D        | Noticed an ogre mage
  7730 | D        | Killed a storm dragon
  7730 | D        | Reached skill level 15 in Spellcasting
  7733 | D        | Noticed an ogre
  7734 | D        | Noticed an ogre
  7734 | D        | Noticed an eye of draining
  7736 | D        | Noticed a stone giant
  7738 | D        | Killed a hell hound
  7740 | D        | Noticed an ogre
  7740 | D        | Noticed an ice dragon
  7740 | D        | Noticed an iron elemental
  7740 | D        | Noticed a wandering mushroom
  7744 | D        | Killed an alligator snapping turtle
  7745 | D        | Noticed an ophan
  7746 | D        | Killed a hell hound
  7747 | D        | Noticed an insubstantial wisp
  7747 | D        | Noticed an insubstantial wisp
  7748 | D        | Noticed a titan
  7748 | D        | Noticed an insubstantial wisp
  7748 | D        | Killed a deep elf demonologist
  7750 | D        | Noticed an insubstantial wisp
  7750 | D        | Killed an eye of draining
  7751 | D        | Noticed a white draconian
  7753 | D        | Noticed a fire crab
  7754 | D        | Noticed an insubstantial wisp
  7760 | D        | Killed a wandering mushroom
  7765 | D        | Killed a greater naga
  7766 | D        | Killed an ogre
  7768 | D        | Killed an orc high priest
  7769 | D        | Killed an insubstantial wisp
  7770 | D        | Killed a two-headed ogre
  7775 | D        | Killed a titan
  7778 | D        | Killed a hell hound
  7781 | D        | Killed an insubstantial wisp
  7782 | D        | Killed an ice dragon
  7784 | D        | Killed an iron elemental
  7787 | D        | Killed an insubstantial wisp
  7788 | D        | Killed a white draconian
  7788 | D        | Reached skill level 10 in Earth Magic
  7790 | D        | Killed an ogre
  7792 | D        | Killed an air elemental
  7793 | D        | Noticed a wizard
  7794 | D        | Killed a two-headed ogre
  7795 | D        | Killed an ogre mage
  7797 | D        | Killed a stone giant
  7799 | D        | Killed an ogre
  7803 | D        | Killed a fire crab
  7804 | D        | Killed a hell hound
  7808 | D        | Killed an ophan
  7810 | D        | Killed an insubstantial wisp
  7817 | D        | Noticed a deep elf sorcerer
  7820 | D        | Killed an insubstantial wisp
  7822 | D        | Killed a deep elf sorcerer
  7824 | D        | Killed a wizard
  8178 | D        | Learned a level 7 spell: Controlled Blink
  8232 | D        | Noticed an insubstantial wisp
  8233 | D        | Noticed an insubstantial wisp
  8233 | D        | Noticed a deep elf death mage
  8233 | D        | Noticed a greater naga
  8251 | D        | Killed a deep elf death mage
  8251 | D        | Reached skill level 23 in Fighting
  8253 | D        | Killed a greater naga
  8256 | D        | Killed an insubstantial wisp
  8264 | D        | Killed an insubstantial wisp
  8318 | D        | Identified the Catalogue of Dislocation (You found it in the Dungeon)
  8318 | D        | Identified the Catalogue of Dislocation (You found it in the Dungeon)
  8321 | D        | Learned a level 1 spell: Apportation
  8498 | D        | Noticed a reaper
  8501 | D        | Killed a reaper
  8504 | D        | Noticed a yellow draconian shifter
  8522 | D        | Killed a yellow draconian shifter
  8522 | D        | Reached XP level 16. HP: 172/172 MP: 30/38
  8572 | D        | Noticed Asmodeus
  8589 | D        | Killed Asmodeus
  8589 | D        | Received a gift from Okawaru
  8589 | D        | Reached skill level 15 in Translocations
  8660 | D        | Learned a level 9 spell: Dragon's Call
  9006 | D        | Noticed a tormentor
  9006 | D        | Noticed Boris
  9012 | D        | Killed a tormentor
  9013 | D        | Noticed an ancient lich
  9022 | D        | Killed Boris
  9022 | D        | Reached skill level 24 in Fighting
  9023 | D        | Noticed a quicksilver dragon
  9025 | D        | Killed an ancient lich
  9026 | D        | Noticed a storm dragon
  9029 | D        | Noticed a death ooze
  9031 | D        | Killed a quicksilver dragon
  9032 | D        | Noticed a tormentor
  9037 | D        | Killed a death ooze
  9037 | D        | Received a gift from Okawaru
  9039 | D        | Killed a storm dragon
  9044 | D        | Killed a tormentor
  9383 | D        | Noticed a hell knight
  9383 | D        | Noticed a necromancer
  9383 | D        | Noticed a hell knight
  9383 | D        | Noticed a necromancer
  9386 | D        | Killed a necromancer
  9388 | D        | Killed a hell knight
  9391 | D        | Killed a necromancer
  9391 | D        | Reached skill level 25 in Fighting
  9392 | D        | Killed a hell knight
  9424 | D        | Noticed a swamp dragon
  9424 | D        | Noticed a cherub
  9424 | D        | Noticed a wandering mushroom
  9424 | D        | Noticed an eye of draining
  9426 | D        | Killed an eye of draining
  9428 | D        | Killed a wandering mushroom
  9428 | D        | Reached skill level 1 in Summonings
  9430 | D        | Killed a swamp dragon
  9431 | D        | Killed a cherub
  9482 | D        | Noticed a tentacled monstrosity
  9482 | D        | Noticed Norris
  9482 | D        | Noticed a deep elf high priest
  9486 | D        | Killed a deep elf high priest
  9489 | D        | Killed a tentacled monstrosity
  9496 | D        | Killed Norris
  9584 | D        | Fell from the grace of Okawaru
  9584 | D        | Became a worshipper of Makhleb the Destroyer
  9682 | D        | Noticed a hellephant
  9682 | D        | Noticed a quicksilver dragon
  9686 | D        | Noticed a Shadow Fiend
  9692 | D        | Killed a quicksilver dragon
  9700 | D        | Killed a Shadow Fiend
  9700 | D        | Acquired Makhleb's first power
  9704 | D        | Killed a hellephant
  9799 | D        | Noticed an eye of draining
  9799 | D        | Noticed a hell knight
  9800 | D        | Noticed a hell knight
  9800 | D        | Noticed a golden dragon
  9800 | D        | Noticed a hell knight
  9800 | D        | Noticed a hell knight
  9801 | D        | Noticed a hell knight
  9806 | D        | Killed a hell knight
  9809 | D        | Killed an eye of draining
  9812 | D        | Noticed a red draconian
  9813 | D        | Killed a hell knight
  9813 | D        | Acquired Makhleb's second power
  9816 | D        | Killed a golden dragon
  9816 | D        | Reached XP level 17. HP: 185/185 MP: 1/40
  9818 | D        | Killed a hell knight
  9820 | D        | Killed a hell knight
  9820 | D        | Acquired Makhleb's third power
  9822 | D        | Killed a hell knight
  9828 | D        | Killed a red draconian
  9848 | D        | Acquired Makhleb's fourth power
  9964 | D        | Noticed a tentacled monstrosity
  9973 | D        | Killed a tentacled monstrosity
  9992 | D        | Noticed a shadow dragon
  9992 | D        | Noticed an iron troll
  9993 | D        | Noticed a greater mummy
  9993 | D        | Noticed an unborn
 10000 | D        | Killed a greater mummy
 10000 | D        | Reached skill level 10 in Summonings
 10002 | D        | Killed an iron troll
 10005 | D        | Killed a shadow dragon
 10005 | D        | Acquired Makhleb's fifth power
 10007 | D        | Noticed a death drake
 10007 | D        | Noticed a death ooze
 10007 | D        | Noticed an unborn
 10007 | D        | Noticed a reaper
 10015 | D        | Killed an unborn
 10024 | D        | Killed an unborn
 10030 | D        | Killed a reaper
 10040 | D        | Killed a death ooze
 10158 | D        | a death drake changed into a fire crab
 10173 | D        | Noticed an ettin
 10173 | D        | Noticed a greater naga
 10173 | D        | Noticed a black draconian
 10173 | D        | Noticed a pearl dragon
 10174 | D        | Killed an ettin
 10178 | D        | Killed a black draconian
 10183 | D        | Killed a pearl dragon
 10187 | D        | Killed a greater naga
 10280 | D        | Noticed a shadow dragon
 10280 | D        | Noticed a mummy priest
 10280 | D        | Noticed a Hell Sentinel
 10280 | D        | Noticed a fire giant
 10281 | D        | Killed a mummy priest
 10287 | D        | Killed a shadow dragon
 10289 | D        | Killed a Hell Sentinel
 10292 | D        | Killed a fire giant
 10392 | D        | Got the amulet "Ugad" {Gourm Int+1 Dex+4}
 10394 | D        | Got the ring of the Turtle {rElec rF+ rC+ Slay-2}
 10398 | D        | Got the ring "Zounkuw" {rElec MR+ Slay+4 Stlth-}
 10400 | D        | Got the ring of the Butterfly {rF++ rC+ Dex-3 Stlth-}
 10414 | D        | Got the ring of Generosity {rPois rC+ MR+}
 10420 | D        | Got the ring "Teub" {rN+ MR+}
 10424 | D        | Got the ring of Departure {rPois Str+2 Int-3}
 10429 | D        | Got the ring "Skijoen" {MR+ Str+3}
 10488 | D        | Noticed an orc warlord
 10488 | D        | Noticed an orc warrior
 10488 | D        | Noticed an orc warrior
 10488 | D        | Noticed a troll
 10488 | D        | Noticed a lich
 10488 | D        | Noticed a daeva
 10489 | D        | Noticed an ogre
 10489 | D        | Noticed an orc warrior
 10490 | D        | Noticed an orc priest
 10491 | D        | Noticed Jory
 10492 | D        | Noticed Mara
 10492 | D        | Killed a troll
 10495 | D        | Noticed an orc warrior
 10497 | D        | Killed Jory
 10503 | D        | Killed a lich
 10503 | D        | Reached skill level 26 in Unarmed Combat
 10504 | D        | Noticed an orc wizard
 10510 | D        | Killed a daeva
 10511 | D        | Killed an orc warrior
 10516 | D        | Noticed Crauler's illusion
 10517 | D        | Killed an orc warlord
 10520 | D        | Killed an orc priest
 10521 | D        | Killed an orc warrior
 10522 | D        | Killed an ogre
 10527 | D        | Killed an orc warrior
 10532 | D        | Killed Mara
 10533 | D        | Killed an orc warrior
 10535 | D        | Killed an orc wizard
 10691 | D        | Noticed a Shadow Fiend
 10693 | D        | Noticed a black draconian
 10700 | D        | Killed a Shadow Fiend
 10700 | D        | Reached skill level 27 in Unarmed Combat
 10706 | D        | Killed a black draconian
 10708 | D        | Killed a ghost moth
 10791 | D        | Noticed an apis
 10791 | D        | Noticed an Orb Guardian
 10791 | D        | Noticed an Orb Guardian
 10791 | D        | Noticed an Orb Guardian
 10902 | D        | Noticed a greater mummy
 10913 | D        | Killed a greater mummy
 11124 | D        | Noticed a tentacled monstrosity
 11131 | D        | Killed a tentacled monstrosity
 11169 | D        | Noticed a storm dragon
 11169 | D        | Noticed a wolf spider
 11169 | D        | Noticed a tormentor
 11169 | D        | Noticed a ghost crab
 11169 | D        | Noticed a white draconian
 11169 | D        | Noticed an ancient lich
 11169 | D        | Noticed a deep elf master archer
 11169 | D        | Noticed a deep elf master archer
 11172 | D        | a ghost crab changed into a yaktaur
 11172 | D        | Killed a deep elf master archer
 11174 | D        | Killed a tormentor
 11174 | D        | Killed a deep elf master archer
 11176 | D        | Killed an ancient lich
 11177 | D        | Killed a white draconian
 11181 | D        | Killed a storm dragon
 11182 | D        | Killed a wolf spider
 11289 | D        | Noticed a pearl dragon
 11294 | D        | Killed a pearl dragon
 11294 | D        | Reached XP level 18. HP: 196/196 MP: 29/41
 11497 | D        | Noticed a golden dragon
 11503 | D        | Killed a golden dragon
 11503 | D        | Reached skill level 10 in Invocations
 11506 | D        | Noticed a greater mummy
 11511 | D        | Killed a greater mummy
 11829 | D        | Noticed a golden dragon
 11834 | D        | Killed a golden dragon
 11837 | D        | Noticed Geryon
 11852 | D        | Killed Geryon
 11852 | D        | Reached skill level 27 in Fighting
 11868 | D        | Noticed a quicksilver dragon
 11872 | D        | Killed a quicksilver dragon
 11892 | D        | Noticed a deep elf master archer
 11895 | D        | Killed a deep elf master archer
 11901 | D        | Noticed a golden eye
 11902 | D        | Killed a golden eye
 11906 | D        | Noticed a Hell Sentinel
 11915 | D        | Killed a Hell Sentinel
 11918 | D        | Noticed Ereshkigal
 11978 | D        | Killed Ereshkigal
 11978 | D        | Reached skill level 15 in Summonings
 12276 | D        | Noticed a golden eye
 12278 | D        | Killed a golden eye
 12283 | D        | Noticed a hellion
 12288 | D        | Killed a hellion
 12291 | D        | Noticed a greater naga
 12297 | D        | Killed a greater naga
 12300 | D        | Noticed a pearl dragon
 12304 | D        | Killed a pearl dragon
 12308 | D        | Got the ring "Yjib" {SustAb Int+2 Dex+3}
 12315 | D        | Got the ring "Guwk" {Str+5 Int+4 Stlth-}
 12320 | D        | Got the ring "Plae" {+Fly AC+3 SInv Stlth+}
 12348 | D        | Noticed a Shadow Fiend
 12358 | D        | Killed a Shadow Fiend
 12358 | D        | Reached skill level 15 in Invocations
 12790 | D        | Noticed an Ice Fiend
 12797 | D        | Killed an Ice Fiend
 12798 | D        | Noticed an orb of fire
 12805 | D        | Killed an orb of fire
 12809 | D        | Noticed a Brimstone Fiend
 12812 | D        | Killed a Brimstone Fiend
 12814 | D        | Noticed a Shadow Fiend
 12819 | D        | Killed a Shadow Fiend
 12822 | D        | Noticed a balrug
 12824 | D        | Killed a balrug
 12828 | D        | Noticed a hellion
 12830 | D        | Killed a hellion
 12832 | D        | Noticed a titan
 12836 | D        | Killed a titan
 12845 | D        | Noticed a blizzard demon
 12845 | D        | Noticed a shadow dragon
 12845 | D        | Noticed Frederick
 12848 | D        | Killed Frederick
 12850 | D        | Killed a blizzard demon
 12850 | D        | Reached skill level 27 in Dodging
 12851 | D        | Noticed an Ice Fiend
 12853 | D        | Killed an Ice Fiend
 12857 | D        | Killed a shadow dragon
 12880 | D        | Noticed an orb of fire
 12880 | D        | Noticed a mottled draconian
 12888 | D        | Killed a mottled draconian
 12901 | D        | Gained mutation: You heal slowly when monsters are visible. [an orb of fire]
 12902 | D        | Killed an orb of fire
 12902 | D        | Reached XP level 19. HP: 206/206 MP: 41/41
 12905 | D        | Noticed Nikola
 12905 | D        | Noticed an acid blob
 12907 | D        | Noticed a storm dragon
 12907 | D        | Noticed a war gargoyle
 12907 | D        | Noticed a Killer Klown
 12907 | D        | Noticed a green draconian annihilator
 12907 | D        | Noticed a hellion
 12907 | D        | Killed an acid blob
 12908 | D        | Noticed a Brimstone Fiend
 12913 | D        | Killed a Brimstone Fiend
 12915 | D        | Killed a hellion
 12916 | D        | Killed a green draconian annihilator
 12920 | D        | Killed a war gargoyle
 12921 | D        | Noticed Qudumum the pandemonium lord
 12927 | D        | Killed a Killer Klown
 12934 | D        | Killed Qudumum the pandemonium lord
 12936 | D        | Killed a storm dragon
 12943 | D        | Killed Nikola
 12965 | D        | Noticed a mottled draconian annihilator
 12965 | D        | Noticed a greater mummy
 12969 | D        | Noticed an acid blob
 12969 | D        | Killed a greater mummy
 12972 | D        | Killed an acid blob
 12976 | D        | Killed a mottled draconian annihilator
 12981 | D        | Killed a ghost moth
 12986 | D        | Noticed an acid blob
 12986 | D        | Noticed a Brimstone Fiend
 12986 | D        | Noticed a hellion
 12989 | D        | Killed a Brimstone Fiend
 12990 | D        | Noticed a Brimstone Fiend
 12993 | D        | Killed a hellion
 12996 | D        | Killed a Brimstone Fiend
 12998 | D        | Killed an acid blob
 13004 | D        | Noticed an Ice Fiend
 13009 | D        | Killed an Ice Fiend
 13249 | D        | Got the ring "Hueggol" {Ice Stlth+}
 13253 | D        | Got the ring of the Vendetta {+Inv Stlth-}
 13257 | D        | Got the ring "Beusoiw" {rF+ Str+4 Int+1}
 13293 | D        | Got the amulet "Khosimn" {+Rage rC+}
 13297 | D        | Got an iron rune of Zot
 13300 | D        | Got the ring of the Snail {+Inv rN+}
 13304 | D        | Got the ring "Ska Zof" {EV+4 Int+4 Dex-2}
 13370 | D        | Noticed an ancient lich
 13374 | D        | Killed an ancient lich
 13498 | D        | Noticed a human
 13498 | D        | Noticed a hell knight
 13498 | D        | Noticed a human
 13498 | D        | Noticed a necromancer
 13498 | D        | Noticed a vault guard
 13498 | D        | Noticed a human
 13498 | D        | Noticed a wizard
 13498 | D        | Noticed a necromancer
 13498 | D        | Noticed a human
 13498 | D        | Noticed a human
 13498 | D        | Noticed a hell knight
 13498 | D        | Noticed a necromancer
 13498 | D        | Noticed a vault guard
 13498 | D        | Noticed a wizard
 13498 | D        | Noticed a hell knight
 13498 | D        | Noticed a necromancer
 13498 | D        | Noticed a vault guard
 13498 | D        | Noticed a wizard
 13498 | D        | Noticed a human
 13498 | D        | Noticed a necromancer
 13498 | D        | Noticed a human
 13498 | D        | Noticed a wizard
 13498 | D        | Noticed a necromancer
 13498 | D        | Noticed a hell knight
 13499 | D        | Noticed a vault guard
 13499 | D        | Noticed Rupert
 13500 | D        | Killed a vault guard
 13501 | D        | Noticed a human
 13501 | D        | Noticed a necromancer
 13501 | D        | Noticed a human
 13501 | D        | Noticed a wizard
 13501 | D        | Noticed a vault guard
 13501 | D        | Noticed a wizard
 13501 | D        | Noticed a necromancer
 13501 | D        | Noticed a human
 13501 | D        | Noticed a human
 13501 | D        | Noticed a vault guard
 13501 | D        | Noticed a wizard
 13501 | D        | Noticed a vault guard
 13501 | D        | Noticed a human
 13501 | D        | Noticed a human
 13501 | D        | Noticed a hell knight
 13501 | D        | Noticed a hell knight
 13501 | D        | Noticed a hell knight
 13501 | D        | Noticed a wizard
 13501 | D        | Noticed a hell knight
 13501 | D        | Noticed a wizard
 13501 | D        | Noticed a vault guard
 13501 | D        | Noticed a hell knight
 13501 | D        | Noticed a human
 13501 | D        | Noticed a human
 13501 | D        | Noticed a human
 13501 | D        | Noticed a necromancer
 13501 | D        | Noticed a human
 13501 | D        | Noticed a human
 13501 | D        | Noticed a necromancer
 13501 | D        | Noticed a necromancer
 13504 | D        | Killed a hell knight
 13509 | D        | Killed a vault guard
 13510 | D        | Killed a necromancer
 13514 | D        | Killed a vault guard
 13517 | D        | Killed a wizard
 13523 | D        | Killed a vault guard
 13533 | D        | Killed a vault guard
 13535 | D        | Killed a necromancer
 13540 | D        | Killed Rupert
 13544 | D        | Killed a wizard
 13548 | D        | Killed a hell knight
 13551 | D        | Killed a hell knight
 13553 | D        | Killed a necromancer
 13559 | D        | Killed a necromancer
 13560 | D        | Killed a human
 13563 | D        | Killed a hell knight
 13564 | D        | Killed a necromancer
 13565 | D        | Killed a vault guard
 13575 | D        | Killed a hell knight
 13575 | D        | Killed a human
 13576 | D        | Killed a human
 13578 | D        | Killed a wizard
 13578 | D        | Killed a human
 13578 | D        | Killed a wizard
 13580 | D        | Killed a necromancer
 13583 | D        | Killed a vault guard
 13583 | D        | Killed a human
 13583 | D        | Killed a necromancer
 13584 | D        | Killed a human
 13584 | D        | Killed a wizard
 13585 | D        | Killed a human
 13586 | D        | Killed a necromancer
 13587 | D        | Killed a human
 13588 | D        | Killed a necromancer
 13588 | D        | Killed a wizard
 13589 | D        | Killed a hell knight
 13589 | D        | Killed a human
 13590 | D        | Killed a wizard
 13591 | D        | Killed a hell knight
 13592 | D        | Killed a human
 13593 | D        | Killed a hell knight
 13593 | D        | Killed a human
 13593 | D        | Killed a human
 13594 | D        | Killed a necromancer
 13594 | D        | Killed a human
 13596 | D        | Killed a human
 13596 | D        | Killed a vault guard
 13597 | D        | Killed a hell knight
 13599 | D        | Killed a human
 13599 | D        | Killed a human
 13599 | D        | Killed a necromancer
 13601 | D        | Killed a human
 13602 | D        | Killed a wizard
 13603 | D        | Killed a wizard
 13603 | D        | Killed a human
 13612 | D        | Got a silver rune of Zot
 13691 | D        | Identified the Reference Book on Summoning (You found it in the Dungeon)
 13694 | D        | Learned a level 1 spell: Summon Butterflies
 13704 | D        | Learned a level 3 spell: Regeneration
 13746 | D        | Got the amulet "Bezaej" {rMut Str+1 Int+2}
 13898 | D        | Noticed an angel
 13898 | D        | Noticed a daeva
 13898 | D        | Noticed an angel
 13898 | D        | Noticed a cherub
 13898 | D        | Noticed a cherub
 13898 | D        | Noticed a cherub
 13898 | D        | Noticed a cherub
 13898 | D        | Noticed a cherub
 13898 | D        | Noticed an angel
 13898 | D        | Noticed an angel
 13898 | D        | Noticed an angel
 13898 | D        | Noticed a daeva
 13898 | D        | Noticed a daeva
 13898 | D        | Noticed an angel
 13898 | D        | Noticed an angel
 13898 | D        | Noticed a cherub
 13898 | D        | Noticed an angel
 13898 | D        | Noticed an angel
 13899 | D        | Noticed an angel
 13899 | D        | Noticed a cherub
 13899 | D        | Noticed a cherub
 13900 | D        | Noticed a daeva
 13900 | D        | Noticed an angel
 13904 | D        | Killed an angel
 13908 | D        | Killed an angel
 13908 | D        | Reached skill level 5 in Charms
 13911 | D        | Killed an angel
 13913 | D        | Killed an angel
 13913 | D        | Reached skill level 5 in Necromancy
 13918 | D        | Killed an angel
 13920 | D        | Killed an angel
 13921 | D        | Noticed a daeva
 13924 | D        | Killed an angel
 13925 | D        | Noticed a cherub
 13927 | D        | Killed a daeva
 13932 | D        | Killed an angel
 13933 | D        | Noticed an angel
 13936 | D        | Killed an angel
 13939 | D        | Noticed a daeva
 13944 | D        | Killed a daeva
 13944 | D        | Reached XP level 20. HP: 123/216 MP: 13/44
 13947 | D        | Killed a daeva
 13948 | D        | Killed a daeva
 13955 | D        | Killed an angel
 13962 | D        | Killed an angel
 13984 | D        | Noticed a daeva
 13987 | D        | Noticed an angel
 13999 | D        | Killed an angel
 14010 | D        | Killed a daeva
 14013 | D        | Killed an angel
 14013 | D        | Reached skill level 10 in Necromancy
 14014 | D        | Noticed an angel
 14018 | D        | Killed an angel
 14023 | D        | Killed a cherub
 14088 | D        | Killed a cherub
 14160 | D        | Noticed a daeva
 14170 | D        | Killed a daeva
 14189 | D        | Killed a daeva
 14220 | D        | Noticed an angel
 14228 | D        | Killed an angel
 14242 | D        | Noticed a cherub
 14244 | D        | Killed a cherub
 14275 | D        | Noticed a daeva
 14287 | D        | Killed a daeva
 14289 | D        | Noticed a daeva
 14296 | D        | Noticed an angel
 14298 | D        | Noticed an angel
 14300 | D        | Killed a daeva
 14304 | D        | Noticed an angel
 14308 | D        | Killed an angel
 14316 | D        | Killed an angel
 14316 | D        | Reached skill level 10 in Charms
 14319 | D        | Killed an angel
 14327 | D        | Killed a cherub
 14330 | D        | Noticed a cherub
 14334 | D        | Killed a cherub
 14340 | D        | Killed a cherub
 14342 | D        | Noticed an angel
 14342 | D        | Noticed a cherub
 14345 | D        | Noticed a daeva
 14347 | D        | Killed an angel
 14349 | D        | Noticed a cherub
 14351 | D        | Killed a cherub
 14354 | D        | Noticed an angel
 14356 | D        | Noticed an angel
 14357 | D        | Killed a cherub
 14358 | D        | Noticed an angel
 14359 | D        | Noticed an angel
 14359 | D        | Killed a cherub
 14361 | D        | Killed a daeva
 14365 | D        | Noticed an angel
 14366 | D        | Killed an angel
 14369 | D        | Noticed an angel
 14369 | D        | Killed a daeva
 14372 | D        | Killed an angel
 14373 | D        | Killed an angel
 14380 | D        | Killed a cherub
 14384 | D        | Noticed an angel
 14384 | D        | Killed an angel
 14385 | D        | Killed a cherub
 14386 | D        | Noticed a cherub
 14386 | D        | Noticed an angel
 14387 | D        | Killed an angel
 14388 | D        | Noticed a cherub
 14390 | D        | Noticed a daeva
 14392 | D        | Noticed an angel
 14392 | D        | Killed an angel
 14393 | D        | Noticed a daeva
 14394 | D        | Noticed an angel
 14394 | D        | Noticed a daeva
 14394 | D        | Killed a cherub
 14396 | D        | Killed an angel
 14399 | D        | Killed an angel
 14401 | D        | Noticed a daeva
 14401 | D        | Killed a daeva
 14403 | D        | Killed an angel
 14405 | D        | Noticed a cherub
 14406 | D        | Noticed a pearl dragon
 14406 | D        | Killed an angel
 14409 | D        | Identified a +1 rod of inaccuracy (6/9)
 14410 | D        | Noticed a daeva
 14411 | D        | Noticed a daeva
 14414 | D        | Killed a cherub
 14418 | D        | Killed a daeva
 14418 | D        | Reached skill level 27 in Invocations
 14426 | D        | Engulfed by a pearl dragon's blessed fire

Action                   |  1- 3 |  4- 6 |  7- 9 | 10-12 | 13-15 | 16-18 | 19-21 || total
-------------------------+-------+-------+-------+-------+-------+-------+-------++-------
Melee: Dagger            |    39 |     2 |       |       |       |       |       ||    41
       Unarmed           |     4 |     9 |    75 |   235 |   445 |   448 |   358 ||  1574
       Quarterstaff      |       |    33 |       |       |       |       |       ||    33
       Staff             |       |       |     2 |       |    18 |     4 |     3 ||    27
 Cast: Beastly Appendage |     1 |       |       |       |       |       |       ||     1
       Blade Hands       |       |     1 |     8 |    21 |    16 |     5 |       ||    51
       Ice Form          |       |       |     1 |       |     1 |     1 |       ||     3
       Spider Form       |       |       |     1 |       |       |       |       ||     1
       Dragon Form       |       |       |       |       |     7 |    18 |     9 ||    34
       Repel Missiles    |       |       |       |       |     3 |     4 |       ||     7
       Phase Shift       |       |       |       |       |     4 |    17 |     3 ||    24
       Statue Form       |       |       |       |       |     2 |     4 |       ||     6
       Dragon's Call     |       |       |       |       |       |       |     3 ||     3
       Controlled Blink  |       |       |       |       |       |       |     2 ||     2
Invok: Heroism           |       |     2 |     5 |     4 |     5 |       |       ||    16
       Finesse           |       |       |       |     2 |     2 |     1 |       ||     5
 Abil: End Transformatio |       |       |     4 |    11 |     7 |    18 |     1 ||    41
  Use: Potion            |       |     1 |       |       |    17 |     8 |     3 ||    29
       Scroll            |       |       |       |       |     7 |     1 |       ||     8
 Stab: Sleeping          |       |       |     1 |       |       |     2 |       ||     3
       Distracted        |       |       |       |       |     1 |       |     9 ||    10
  Eat: Chunk             |       |       |     4 |     5 |     7 |    25 |     6 ||    47
       Pizza             |       |       |       |     1 |       |       |       ||     1
       Fruit             |       |       |       |       |     2 |     9 |       ||    11
       Bread ration      |       |       |       |       |     2 |     1 |       ||     3
